| TOP OF THE 1ST |
|
University of Toronto Marlies batting - Pitching for Rice University Owls : RHP Daniel Bushby
|
|
Pitching: RHP Daniel Bushby
|
|
|
Batting: LHB Efrem Isaev
|
0-0: Foul Ball, location: 2F 0-1: Ground out U3 (Groundball, 3, EV 85.0 MPH)
|
|
Batting: RHB Elmar Adenauer
|
0-0: Fly out, F3 (Popup, 34S, EV 77.5 MPH)
|
|
Batting: SHB Shannon Britten
|
0-0: Ground out 6-3 (Groundball, 6, EV 85.0 MPH)
|
| Top of the 1st over - 0 runs, 0 hits, 0 errors, 0 left on base; University of Toronto 0 - Rice University 0 |
| BOTTOM OF THE 1ST |
|
Rice University Owls batting - Pitching for University of Toronto Marlies : RHP Jay Hagan
|
|
Pitching: RHP Jay Hagan
|
|
|
Batting: RHB Caleb Mercer
|
0-0: Ball 1-0: DOUBLE (Line Drive, 5D, EV 98.8 MPH)
|
|
Batting: SHB Wendel van Baal
|
0-0: Called Strike 0-1: SINGLE (Line Drive, 89S, EV 93.1 MPH) Caleb Mercer to third Runner from 3rd tries for Home, SAFE, throw by CF to home
|
|
Batting: RHB Jose Soto
|
0-0: Ball 1-0: Ball 2-0: Foul Ball, location: 2F 2-1: Foul Ball, location: 2F 2-2: Strikes out looking
|
|
Batting: SHB Ken Wilson
|
0-0: Called Strike 0-1: Ball 1-1: Swinging Strike 1-2: Grounds into double play, 4-6-3 (Groundball, 4, EV 82.5 MPH)
|
| Bottom of the 1st over - 1 run, 2 hits, 0 errors, 0 left on base; University of Toronto 0 - Rice University 1 |
| TOP OF THE 2ND |
|
University of Toronto Marlies batting - Pitching for Rice University Owls : RHP Daniel Bushby
|
|
Batting: RHB Jeff McClellan
|
0-0: Called Strike 0-1: SINGLE (Groundball, 34D, EV 105.0 MPH)
|
|
Batting: RHB Rich Vanegas
|
0-0: SINGLE (Groundball, 6MD, EV 104.4 MPH) Jeff McClellan to second Runner from 2nd tries for 3rd, SAFE, no throw by CF
|
|
Batting: RHB Charlie Townend
|
0-0: Ball 1-0: Ball 2-0: Swinging Strike 2-1: DOUBLE (Line Drive, 7LM, EV 107.5 MPH) Jeff McClellan scores Rich Vanegas to third
|
|
Batting: SHB Conrade Gordon
|
0-0: Ball 1-0: Foul Ball, location: 2F 1-1: Swinging Strike 1-2: Foul Ball, location: 2F 1-2: Foul Ball, location: 2F 1-2: Foul Ball, location: 2F 1-2: Foul Ball, location: 2F 1-2: DOUBLE (Groundball, 5L, EV 104.4 MPH) Rich Vanegas scores Charlie Townend scores
|
|
Batting: SHB Jose Melendez
|
0-0: Ball 1-0: Fly out, F8 (Flyball, 8LM, EV 81.9 MPH)
|
|
Batting: LHB Greg Robertson
|
0-0: Ball 1-0: Ball 2-0: Fly out, F9 (Flyball, 9, EV 93.8 MPH)
|
|
Batting: LHB Efrem Isaev
|
0-0: Called Strike 0-1: Foul Ball, location: 2F 0-2: Ball 1-2: Ball 2-2: SINGLE (Groundball, 6MD, EV 93.8 MPH) Conrade Gordon to third
|
|
Batting: RHB Elmar Adenauer
|
0-0: Ball 1-0: Ball Efrem Isaev is caught stealing 2nd base 2-4
|
| Top of the 2nd over - 3 runs, 5 hits, 0 errors, 1 left on base; University of Toronto 3 - Rice University 1 |
| BOTTOM OF THE 2ND |
|
Rice University Owls batting - Pitching for University of Toronto Marlies : RHP Jay Hagan
|
|
Batting: LHB Chris Gonzales
|
0-0: Ball 1-0: Foul Ball, location: 2F 1-1: Called Strike 1-2: Fly out, F3 (Popup, 3SF, EV 69.4 MPH)
|
|
Batting: SHB Steve Wipf
|
0-0: Fly out, F8 (Flyball, 8RD, EV 92.5 MPH)
|
|
Batting: RHB Javier Quinones
|
0-0: Ball 1-0: Foul Ball, location: 2F 1-1: Ball 2-1: Ball 3-1: Base on Balls
|
|
Batting: RHB Alex Alvarez
|
0-0: SINGLE (Flyball, 4D, EV 85.0 MPH) Javier Quinones to second Runner from 2nd tries for 3rd, SAFE, no throw by RF
|
|
Batting: RHB Emanuel Pulido
|
0-0: Ball 1-0: Ball 2-0: Called Strike 2-1: Ball 3-1: Called Strike 3-2: Foul Ball, location: 2F 3-2: Strikes out swinging
|
| Bottom of the 2nd over - 0 runs, 1 hit, 0 errors, 2 left on base; University of Toronto 3 - Rice University 1 |
| TOP OF THE 3RD |
|
University of Toronto Marlies batting - Pitching for Rice University Owls : RHP Daniel Bushby
|
|
Batting: RHB Elmar Adenauer
|
0-0: Ball 1-0: Ball 2-0: Ball 3-0: Called Strike 3-1: Called Strike 3-2: Foul Ball, location: 2F 3-2: Base on Balls
|
|
Batting: SHB Shannon Britten
|
0-0: Ball 1-0: Fly out, F8 (Flyball, 8LD, EV 97.5 MPH)
|
|
Batting: RHB Jeff McClellan
|
0-0: Ball 1-0: Ball 2-0: Called Strike 2-1: Ball 3-1: Fielders Choice at 2nd, 5-4 (Groundball, 5, EV 85.6 MPH)
|
|
Batting: RHB Rich Vanegas
|
0-0: Foul Ball, location: 2F 0-1: Fielders Choice at 2nd, 6-4 (Groundball, 6, EV 100.0 MPH)
|
| Top of the 3rd over - 0 runs, 0 hits, 0 errors, 1 left on base; University of Toronto 3 - Rice University 1 |
| BOTTOM OF THE 3RD |
|
Rice University Owls batting - Pitching for University of Toronto Marlies : RHP Jay Hagan
|
|
Batting: RHB Caleb Mercer
|
0-0: Ball 1-0: Foul Ball, location: 2F 1-1: SINGLE (Groundball, 4MD, EV 94.4 MPH)
|
|
Batting: SHB Wendel van Baal
|
0-0: Fly out, F8 (Flyball, 8RXD, EV 90.0 MPH)
|
|
Batting: RHB Jose Soto
|
0-0: Ball 1-0: Ball 2-0: Ball 3-0: Base on Balls Caleb Mercer to second
|
|
Batting: SHB Ken Wilson
|
0-0: SINGLE (Groundball, 34D, EV 96.2 MPH) Caleb Mercer to third Jose Soto to second Runner from 3rd tries for Home, SAFE, throw by RF to home
|
|
Now in RF: Jack Tierney
|
|
|
Batting: LHB Chris Gonzales
|
0-0: Called Strike 0-1: Foul Ball, location: 2F 0-2: Ball 1-2: Ball 2-2: Foul Ball, location: 2F 2-2: Ball 3-2: SINGLE (Groundball, 4MD, EV 100.6 MPH) Jose Soto to third Ken Wilson to second Runner from 3rd tries for Home, SAFE, throw by CF to home
|
|
Batting: SHB Steve Wipf
|
0-0: Grounds into double play, 3-6-1 (Groundball, 34, EV 101.9 MPH)
|
| Bottom of the 3rd over - 2 runs, 3 hits, 0 errors, 1 left on base; University of Toronto 3 - Rice University 3 |
| TOP OF THE 4TH |
|
University of Toronto Marlies batting - Pitching for Rice University Owls : RHP Daniel Bushby
|
|
Batting: RHB Charlie Townend
|
0-0: Called Strike 0-1: Ball 1-1: Foul Ball, location: 2F 1-2: Ball 2-2: Fly out, F8 (Line Drive, 8RM, EV 97.5 MPH)
|
|
Batting: SHB Conrade Gordon
|
0-0: Ball 1-0: Called Strike 1-1: Ball 2-1: Fly out, F8 (Line Drive, 8RD, EV 90.0 MPH)
|
|
Batting: SHB Jose Melendez
|
0-0: Ball 1-0: Foul Ball, location: 2F 1-1: Ball 2-1: Called Strike 2-2: Strikes out looking
|
| Top of the 4th over - 0 runs, 0 hits, 0 errors, 0 left on base; University of Toronto 3 - Rice University 3 |
| BOTTOM OF THE 4TH |
|
Rice University Owls batting - Pitching for University of Toronto Marlies : RHP Jay Hagan
|
|
Batting: RHB Javier Quinones
|
0-0: Swinging Strike 0-1: Ball 1-1: Called Strike 1-2: Ball 2-2: Ball 3-2: Base on Balls
|
|
Batting: RHB Alex Alvarez
|
0-0: Called Strike 0-1: 2-RUN HOME RUN (Flyball, 7D, EV 99.4 MPH), Distance : 381 ft
|
|
Pitching: RHP Gui Xú
|
|
|
Batting: RHB Emanuel Pulido
|
0-0: Called Strike 0-1: Ball 1-1: Ball 2-1: Ball 3-1: Base on Balls
|
|
Batting: RHB Caleb Mercer
|
0-0: Ball 1-0: Foul Ball, location: 2F 1-1: Foul Ball, location: 2F 1-2: Ball 2-2: SINGLE (Line Drive, 9S, EV 104.4 MPH) Emanuel Pulido to second
|
|
Batting: SHB Wendel van Baal
|
0-0: Foul Ball, location: 2F 0-1: Swinging Strike 0-2: Foul Ball, location: 2F 0-2: Fielders Choice at 2nd, 3-6 (Groundball, 3, EV 80.6 MPH) Emanuel Pulido to third
|
|
Batting: RHB Jose Soto
|
0-0: Ball 1-0: Called Strike 1-1: Fly out, F8 (Flyball, 89M, EV 79.4 MPH) Runner from 3rd tags up, OUT at HOME! 8-2
|
| Bottom of the 4th over - 2 runs, 2 hits, 0 errors, 1 left on base; University of Toronto 3 - Rice University 5 |
| TOP OF THE 5TH |
|
University of Toronto Marlies batting - Pitching for Rice University Owls : RHP Daniel Bushby
|
|
Batting: SHB Jack Tierney
|
0-0: Called Strike 0-1: Ball 1-1: Ball 2-1: Ball 3-1: Base on Balls
|
|
Batting: LHB Efrem Isaev
|
0-0: Ball Jack Tierney steals 2nd base 1-0: Ball 2-0: Called Strike 2-1: SINGLE (Line Drive, 8LS, EV 113.1 MPH) Jack Tierney to third Runner from 3rd tries for Home, SAFE, throw by CF to home
|
|
Batting: RHB Elmar Adenauer
|
0-0: Ball 1-0: Called Strike 1-1: Ball 2-1: Foul Ball, location: 2F 2-2: Fly out, F8 (Flyball, 8RM, EV 92.5 MPH)
|
|
Batting: SHB Shannon Britten
|
0-0: Called Strike 0-1: Ball 1-1: Hit by Pitch Efrem Isaev to second
|
|
Batting: RHB Jeff McClellan
|
0-0: Ball Efrem Isaev steals 3rd base Shannon Britten to second 1-0: Ball 2-0: Fly out, F8 (Flyball, 8LD, EV 103.8 MPH) Runner from 3rd tags up, SCORES, no throw by CF
|
|
Batting: RHB Rich Vanegas
|
0-0: Ball 1-0: Called Strike 1-1: Foul Ball, location: 2F 1-2: SINGLE (Line Drive, 34D, EV 100.0 MPH) Shannon Britten to third Runner from 3rd tries for Home, SAFE, throw by RF to home
|
|
Batting: RHB Charlie Townend
|
0-0: Fly out, F8 (Flyball, 8LXD, EV 82.5 MPH)
|
| Top of the 5th over - 3 runs, 2 hits, 0 errors, 1 left on base; University of Toronto 6 - Rice University 5 |
| BOTTOM OF THE 5TH |
|
Rice University Owls batting - Pitching for University of Toronto Marlies : RHP Gui Xú
|
|
Batting: SHB Ken Wilson
|
0-0: Swinging Strike 0-1: Foul Ball, location: 2F 0-2: Ball 1-2: Ball 2-2: Ball 3-2: Foul Ball, location: 2F 3-2: Ground out 6-3 (Groundball, 6D, EV 76.9 MPH)
|
|
Batting: LHB Chris Gonzales
|
0-0: Ball 1-0: Foul Ball, location: 2F 1-1: Foul Ball, location: 2F 1-2: Foul Ball, location: 2F 1-2: Foul Ball, location: 2F 1-2: Fly out, F9 (Flyball, 89M, EV 92.5 MPH)
|
|
Batting: SHB Steve Wipf
|
0-0: Ball 1-0: Ball 2-0: Called Strike 2-1: SINGLE (Groundball, 4D, EV 108.8 MPH)
|
|
Batting: RHB Javier Quinones
|
0-0: DOUBLE (Flyball, 89D, EV 100.0 MPH) Steve Wipf to third Runner from 3rd tries for Home, SAFE, throw by CF to trailing runner, SAFE at third!
|
|
Batting: RHB Alex Alvarez
|
0-0: Ball 1-0: DOUBLE (Line Drive, 7LS, EV 99.4 MPH) Javier Quinones scores
|
|
Pitching: RHP Aaron Knight
|
|
|
Batting: RHB Emanuel Pulido
|
0-0: Ball 1-0: Ball 2-0: Foul Ball, location: 2F 2-1: Foul Ball, location: 2F 2-2: Ball 3-2: Base on Balls
|
|
Batting: RHB Caleb Mercer
|
0-0: Foul Ball, location: 2F 0-1: Fielders Choice at 2nd, 6-4 (Groundball, 6, EV 86.9 MPH)
|
| Bottom of the 5th over - 2 runs, 3 hits, 0 errors, 2 left on base; University of Toronto 6 - Rice University 7 |
| TOP OF THE 6TH |
|
University of Toronto Marlies batting - Pitching for Rice University Owls : RHP Daniel Bushby
|
|
Batting: SHB Conrade Gordon
|
0-0: Ball 1-0: Ball 2-0: Called Strike 2-1: Ball 3-1: Called Strike 3-2: Base on Balls
|
|
Batting: SHB Jose Melendez
|
0-0: Ground out U3 (Groundball, 3S, EV 71.2 MPH) Conrade Gordon to second
|
|
Batting: SHB Jack Tierney
|
0-0: Ball 1-0: Ball 2-0: Foul Ball, location: 2F 2-1: Foul Ball, location: 2F 2-2: Foul Ball, location: 2F 2-2: Ball 3-2: SINGLE (Line Drive, 6MD, EV 105.6 MPH) Conrade Gordon to third
|
|
Batting: LHB Efrem Isaev
|
0-0: Called Strike Jack Tierney steals 2nd base 0-1: Called Strike 0-2: Foul Ball, location: 2F 0-2: Ball 1-2: Fly out, F8 (Flyball, 8LD, EV 99.4 MPH) Runner from 3rd tags up, SCORES, throw by CF Jack Tierney to third
|
|
Pitching: RHP Nate Gulley
|
|
|
Batting: RHB Elmar Adenauer
|
0-0: Foul Ball, location: 2F 0-1: Called Strike 0-2: Foul Ball, location: 2F 0-2: SINGLE (Line Drive, 89M, EV 107.5 MPH) Jack Tierney scores
|
|
Batting: SHB Shannon Britten
|
0-0: Called Strike 0-1: Foul Ball, location: 2F 0-2: Fielders Choice at 2nd, U6 (Groundball, 6M, EV 78.1 MPH)
|
| Top of the 6th over - 2 runs, 2 hits, 0 errors, 1 left on base; University of Toronto 8 - Rice University 7 |
| BOTTOM OF THE 6TH |
|
Rice University Owls batting - Pitching for University of Toronto Marlies : RHP Aaron Knight
|
|
Batting: SHB Wendel van Baal
|
0-0: Ground out 6-3 (Groundball, 6, EV 81.9 MPH)
|
|
Batting: RHB Jose Soto
|
0-0: Called Strike 0-1: Foul Ball, location: 2F 0-2: Strikes out swinging
|
|
Batting: SHB Ken Wilson
|
0-0: Ball 1-0: Ball 2-0: Called Strike 2-1: Ball 3-1: Called Strike 3-2: Ground out 4-3 (Groundball, 4MD, EV 83.1 MPH)
|
| Bottom of the 6th over - 0 runs, 0 hits, 0 errors, 0 left on base; University of Toronto 8 - Rice University 7 |
| TOP OF THE 7TH |
|
University of Toronto Marlies batting - Pitching for Rice University Owls : RHP Nate Gulley
|
|
Pitching: RHP Michael Benford
|
|
|
Batting: RHB Jeff McClellan
|
0-0: Ball 1-0: Called Strike 1-1: Ball 2-1: Ground out 6-3 (Groundball, 6M, EV 83.8 MPH)
|
|
Batting: RHB Rich Vanegas
|
0-0: Foul Ball, location: 2F 0-1: Ball 1-1: Foul Ball, location: 2F 1-2: Strikes out swinging
|
|
Batting: RHB Charlie Townend
|
0-0: Ground out U3 (Groundball, 34, EV 107.5 MPH)
|
| Top of the 7th over - 0 runs, 0 hits, 0 errors, 0 left on base; University of Toronto 8 - Rice University 7 |
| BOTTOM OF THE 7TH |
|
Rice University Owls batting - Pitching for University of Toronto Marlies : RHP Aaron Knight
|
|
Pitching: RHP Mike McDonald
|
|
|
Batting: LHB Chris Gonzales
|
0-0: Ball 1-0: SINGLE (Groundball, 6MD, EV 105.6 MPH)
|
|
Batting: SHB Steve Wipf
|
0-0: Called Strike 0-1: Swinging Strike 0-2: Ball 1-2: Foul Ball, location: 2F 1-2: Foul Ball, location: 2F 1-2: Strikes out swinging
|
|
Batting: RHB Javier Quinones
|
0-0: Ball 1-0: Called Strike 1-1: SINGLE (Groundball, 6MD, EV 98.1 MPH) Chris Gonzales to second Runner from 2nd tries for 3rd, SAFE, no throw by CF
|
|
Batting: RHB Alex Alvarez
|
0-0: Ball 1-0: Ground out 5-3 (Groundball, 5S, EV 91.2 MPH) Javier Quinones to second
|
|
Pinch Hitting: SHB Dave Van Sickle
|
0-0: Ball 1-0: Reached on error, E3 (Groundball, 3L, EV 110.6 MPH) Chris Gonzales scores Javier Quinones to third
|
|
Batting: RHB Caleb Mercer
|
0-0: Fly out, F9 (Line Drive, 9, EV 95.6 MPH)
|
| Bottom of the 7th over - 1 run, 2 hits, 1 error, 2 left on base; University of Toronto 8 - Rice University 8 |
| TOP OF THE 8TH |
|
University of Toronto Marlies batting - Pitching for Rice University Owls : RHP Michael Benford
|
|
Now at SS: Allen Jarvis
|
|
|
Batting: SHB Conrade Gordon
|
0-0: Foul Ball, location: 2F 0-1: Foul Ball, location: 2F 0-2: Strikes out swinging
|
|
Pinch Hitting: RHB Akichika Yamano
|
0-0: Ball 1-0: Called Strike 1-1: Foul Ball, location: 2F 1-2: Fly out, F9 (Flyball, 9, EV 90.0 MPH)
|
|
Batting: SHB Jack Tierney
|
0-0: Foul Ball, location: 2F 0-1: Ball 1-1: Swinging Strike 1-2: Strikes out swinging
|
| Top of the 8th over - 0 runs, 0 hits, 0 errors, 0 left on base; University of Toronto 8 - Rice University 8 |
| BOTTOM OF THE 8TH |
|
Rice University Owls batting - Pitching for University of Toronto Marlies : RHP Mike McDonald
|
|
Now in LF: Jack Tierney
|
|
|
Now in CF: Efrem Isaev
|
|
|
Now in RF: Akichika Yamano
|
|
|
Batting: SHB Wendel van Baal
|
0-0: Ball 1-0: Ball 2-0: Called Strike 2-1: Called Strike 2-2: Ground out 6-3 (Groundball, 6MD, EV 100.0 MPH)
|
|
Batting: RHB Jose Soto
|
0-0: Ball 1-0: Ball 2-0: Swinging Strike 2-1: Ground out 6-3 (Groundball, 6, EV 104.4 MPH)
|
|
Batting: SHB Ken Wilson
|
0-0: Ball 1-0: Ball 2-0: Called Strike 2-1: Foul Ball, location: 2F 2-2: Fly out, F4 (Popup, 34, EV 70.6 MPH)
|
| Bottom of the 8th over - 0 runs, 0 hits, 0 errors, 0 left on base; University of Toronto 8 - Rice University 8 |
| TOP OF THE 9TH |
|
University of Toronto Marlies batting - Pitching for Rice University Owls : RHP Michael Benford
|
|
Pitching: LHP Jose Ruiz
|
|
|
Batting: LHB Efrem Isaev
|
0-0: Foul Ball, location: 2F 0-1: Foul Ball, location: 2F 0-2: Ball 1-2: Foul Ball, location: 2F 1-2: SINGLE (Groundball, 25, EV 65.0 MPH) (infield hit)
|
|
Batting: RHB Elmar Adenauer
|
0-0: Ball 1-0: Foul Ball, location: 2F 1-1: Foul Ball, location: 2F 1-2: Ball 2-2: Ball 3-2: Grounds into double play, 4-6-3 (Groundball, 4, EV 105.6 MPH)
|
|
Batting: SHB Shannon Britten
|
0-0: Foul Ball, location: 2F 0-1: Ball 1-1: Swinging Strike 1-2: Ball 2-2: Ball 3-2: SINGLE (Line Drive, 8RS, EV 86.2 MPH)
|
|
Pitching: RHP Bill Lightheart
|
|
|
Batting: RHB Jeff McClellan
|
0-0: Called Strike 0-1: Ball 1-1: Ball 2-1: Ball 3-1: DOUBLE (Line Drive, 9LM, EV 107.5 MPH) Shannon Britten to third Runner from 3rd tries for Home, SAFE, throw by RF to trailing runner, SAFE at third!
|
|
Batting: RHB Rich Vanegas
|
0-0: Called Strike 0-1: Fly out, F8 (Flyball, 89S, EV 85.0 MPH)
|
| Top of the 9th over - 1 run, 3 hits, 0 errors, 1 left on base; University of Toronto 9 - Rice University 8 |
| BOTTOM OF THE 9TH |
|
Rice University Owls batting - Pitching for University of Toronto Marlies : RHP Mike McDonald
|
|
Pitching: RHP Brad Cannell
|
|
|
Batting: LHB Chris Gonzales
|
0-0: Foul Ball, location: 2F 0-1: Ball 1-1: Foul Ball, location: 2F 1-2: Foul Ball, location: 2F 1-2: Ball 2-2: Ball 3-2: Foul Ball, location: 2F 3-2: Foul Ball, location: 2F 3-2: SINGLE (Line Drive, 7S, EV 96.9 MPH)
|
|
Batting: SHB Steve Wipf
|
0-0: Fly out, F8 (Flyball, 8LD, EV 107.5 MPH)
|
|
Batting: RHB Javier Quinones
|
0-0: Called Strike 0-1: Ball 1-1: Fly out, F8 (Flyball, 8LM, EV 93.1 MPH)
|
|
Batting: RHB Alex Alvarez
|
0-0: Foul Ball, location: 2F 0-1: Ball 1-1: Foul Ball, location: 2F 1-2: Ball 2-2: Fly out, F9 (Flyball, 9D, EV 91.2 MPH)
|
| Bottom of the 9th over - 0 runs, 1 hit, 0 errors, 1 left on base; University of Toronto 9 - Rice University 8 |
|